 Dungeon Crawl Stone Soup version 0.26.1-11-gd32895ea62 (webtiles) character file.

Game seed: 2840260511054744273

1621 H0rd4k the Insei (level 8, -2/51 HPs)
             Began as an Octopode Transmuter on May 7, 2021.
             Was an Initiate of Gozag.
             Slain by a centaur (6 damage)
             ... on level 7 of the Dungeon.
             The game lasted 00:10:36 (10350 turns).

H0rd4k the Insei (Octopode Transmuter)             Turns: 10350, Time: 00:10:37

Health: -2/51      AC:  1    Str:  9    XL:     8   Next: 96%
Magic:  14/14      EV: 14    Int: 22    God:    Gozag
Gold:   618        SH:  0    Dex: 12    Spells: 9/16 levels left

rFire    . . .     SeeInvis .     - Unarmed
rCold    . . .     Faith    .   (no shield)
rNeg     . . .     Spirit   .   (helmet restricted)
rPois    .         Reflect  .   (no amulet)
rElec    .         Harm     .   u - +6 ring of intelligence
rCorr    .         Rampage  .   (no ring)
Will     .....                  (no ring)
Stlth    +.........             (no ring)
HPRegen  0.17/turn              (no ring)
MPRegen  0.14/turn              (no ring)
                                (no ring)
                                (no ring)

@: contaminated, glowing
A: almost no armour, stealthy swim, amphibious, 8 rings, constrict 8, camouflage
1, dopey 1, gelatinous body 1
a: Renounce Religion, Potion Petition, Call Merchant, Bribe Branch


You were on level 7 of the Dungeon.
You worshipped Gozag.
Gozag was pleased with you.
You visited 2 branches of the dungeon, and saw 8 of its levels.

You collected 695 gold pieces.
You paid 77 gold pieces to Gozag.

Inventory:

Hand Weapons
 y - the +9 hand axe "Ijutirawk" {distort, *Noise +Inv rPois Int+6}
   (You found it on level 7 of the Dungeon)

   It warps and distorts space around it.
   Unwielding it can cause banishment or high damage.
   It affects your intelligence (+6).
   It protects you from poison.
   It lets you turn invisible.
   It may make noises in combat.
Missiles
 o - 11 poisoned darts (quivered)
Magical Staves
 t - an uncursed staff of air
Jewellery
 u - a +6 ring of intelligence (left tentacle)
Wands
 r - a wand of flame (16)
 v - a wand of random effects (17)
Scrolls
 d - 2 scrolls of remove curse {unknown}
 e - a scroll of identify
 g - 2 scrolls of amnesia
 h - 7 scrolls of magic mapping
 i - 2 scrolls of blinking
 j - a scroll of noise {unknown}
 k - a scroll of enchant armour {unknown}
 l - 2 scrolls of teleportation {unknown}
 s - 2 scrolls of fog {unknown}
 w - a scroll of immolation {unknown}
 x - a scroll of enchant weapon {unknown}
Potions
 a - 2 potions of flight
 b - 2 potions of curing
 c - a potion of ambrosia
 f - 3 potions of attraction
 m - a potion of degeneration
 n - 3 potions of mutation
 p - 3 potions of brilliance
 q - 2 potions of might


   Skills:
 * Level 2.6 Fighting
 + Level 3.9 Dodging
 * Level 1.0 Stealth
 + Level 7.4 Unarmed Combat
 * Level 4.5 Spellcasting
 + Level 2.7 Hexes
 * Level 4.5 Transmutations
 + Level 3.0 Poison Magic
 * Level 0.1 Evocations


You had 9 spell levels left.
You knew the following spells:

 Your Spells              Type           Power        Failure   Level
a - Beastly Appendage     Tmut           48%          1%          1
b - Spider Form           Tmut/Pois      10%          7%          3
c - Confusing Touch       Hex            17%          11%         3

Your spell library contained the following spells:

 Spells                   Type           Power        Failure   Level
 Wereblood                Tmut           24%          2%          2
 Freeze                   Ice            16%          11%         1
 Frozen Ramparts          Ice            8%           32%         3
 Gell's Gravitas          Tloc           2%           32%         3
 Ozocubu's Armour         Ice            4%           32%         3
 Ice Form                 Ice/Tmut       14%          38%         4
 Petrify                  Tmut/Erth      14%          38%         4
 Blade Hands              Tmut           12%          43%         5
 Yara's Violent Unravell  Hex/Tmut       10%          54%         5
 Hailstorm                Conj/Ice       4%           71%         4
 Summon Ice Beast         Ice/Summ       4%           71%         4
 Metabolic Englaciation   Hex/Ice        5%           86%         5


Dungeon Overview and Level Annotations

Branches:
Dungeon (7/15)             Temple (1/1) D:4

Altars:
Cheibriados
Dithmenos
Elyvilon
Fedhas
Gozag
Hepliaklqana
Kikubaaqudgha
Makhleb
Nemelex Xobeh
Okawaru
Qazlal
Ru
Trog
Uskayaw
Vehumet
Wu Jian
Yredelemnul
Zin
The Shining One

Shops:
D:4 =   D:5 (

Annotations:
D:1 exclusion: 2 downstairs
D:6 exclusions: centaur and upstairs


Innate Abilities, Weirdness & Mutations

You cannot wear most types of armour.
You are very stealthy in the water. (Stealth+)
You are amphibious.
You can wear up to eight rings at the same time.
You can use your tentacles to constrict eight enemies at once.
Your skin changes colour to match your surroundings (Stealth+).
Your rubbery body absorbs attacks. (AC +1, EV +1)
You are dopey. (Int -2)


Message History

The centaur is lightly wounded.
The centaur barely misses you.
You closely miss the centaur.
The centaur is lightly wounded.
The centaur hits you.
* * * LOW HITPOINT WARNING * * *
The centaur closely misses you.
You tentacle-slap the centaur. Your squeeze misses the centaur.
The centaur is heavily wounded.
The centaur hits you.
* * * LOW HITPOINT WARNING * * *
You tentacle-slap the centaur but do no damage.
You squeeze the centaur.
The centaur is severely wounded.
The centaur closely misses you.
You tentacle-slap the centaur.
The centaur is almost dead.
The centaur hits you.
You die...
Your body crumbles into a pile of gold.

..<...##...###.....#.(.#
.........###.......##.....
.......###......$..# ##...
.....### .......(..# ..
....## ..........# . ..###
.......(..# ..###
.......(..# ....##
..........# .....#
.......@.## .....#
.......c....... .....#
#......[..##### .....#
##....##### ....## #####
#####


You could see a centaur.

Vanquished Creatures
  Pikel (D:5)
  Sigmund (D:5)
  2 ogres
  2 centaurs
  3 lemures
  A scorpion (D:5)
  A howler monkey (D:5)
  A centaur zombie (D:5)
  A bullfrog skeleton (D:4)
  A jelly (D:6)
  2 hounds (D:4)
  3 centaur skeletons
  2 iguanas
  3 worker ants
  Robin (D:2)
  3 gnolls (D:6)
  8 adders
  A shadow imp (D:6)
  2 white imps (D:5)
  2 adder skeletons
  A worm (D:3)
  3 dart slugs
  5 leopard geckos
  9 orcs
  7 bats
  12 giant cockroaches
  16 goblins
  10 hobgoblins
  5 jackals
  2 quokkas
  5 frilled lizards
  14 kobolds
  A quokka zombie (D:6)
  6 rats
137 creatures vanquished.

Notes
Turn   | Place    | Note
-------+----------+-------------------------------------------
     0 | D:1      | H0rd4k the Octopode Transmuter began the quest for the Orb.
     0 | D:1      | Reached XP level 1. HP: 13/13 MP: 3/3
    96 | D:1      | Reached XP level 2. HP: 16/18 MP: 5/5
   631 | D:1      | Reached XP level 3. HP: 23/23 MP: 6/6
  1060 | D:1      | Learned a level 3 spell: Spider Form
  1089 | D:2      | Noticed Robin
  1871 | D:2      | Found an iron altar of Okawaru.
  2541 | D:2      | Reached XP level 4. HP: 27/28 MP: 7/7
  2549 | D:2      | Reached skill level 1 in Poison Magic
  2552 | D:2      | Killed Robin
  2831 | D:2      | Found a sacrificial altar of Ru.
  2922 | D:2      | Reached skill level 4 in Unarmed Combat
  3432 | D:3      | Found a glowing silver altar of Zin.
  3840 | D:3      | Noticed an ogre
  4007 | D:3      | Killed an ogre
  4008 | D:3      | Reached XP level 5. HP: 15/33 MP: 5/9
  4190 | D:3      | Learned a level 3 spell: Confusing Touch
  4745 | D:4      | Reached XP level 6. HP: 36/39 MP: 10/10
  5044 | D:4      | Reached skill level 5 in Unarmed Combat
  5586 | D:4      | Found Okanoir's Jewellery Boutique.
  5637 | D:4      | Found a staircase to the Ecumenical Temple.
  5809 | Temple   | Entered the Ecumenical Temple
  5888 | Temple   | Became a worshipper of Gozag Ym Sagoz the Greedy
  6318 | D:5      | Entered Level 5 of the Dungeon
  6326 | D:5      | Reached XP level 7. HP: 24/44 MP: 11/11
  7108 | D:5      | Noticed Sigmund
  7771 | D:5      | Noticed Pikel
  7826 | D:6      | HP: 2/45 [centaur (4)]
  7832 | D:6      | Reached skill level 6 in Unarmed Combat
  8063 | D:6      | Reached skill level 1 in Hexes
  8298 | D:6      | Reached XP level 8. HP: 41/50 MP: 9/13
  8407 | D:6      | Found a glowing silver altar of Zin.
  8944 | D:5      | Killed Pikel
  8945 | D:5      | Reached skill level 7 in Unarmed Combat
  9247 | D:5      | Killed Sigmund
  9419 | D:5      | Found Ixiem's Weapon Shop.
  9560 | D:5      | Reached skill level 1 in Stealth
 10328 | D:7      | Got an encrusted hand axe
 10329 | D:7      | Identified the +9 hand axe "Ijutirawk" {distort, *Noise
                  | +Inv rPois Int+6} (You found it on level 7 of the Dungeon)
 10339 | D:7      | Gained mutation: You are dopey. (Int -2) [mutagenic glow]
 10350 | D:7      | Slain by a centaur

Illustrated notes

Levels and vault maps discovered:
D:1:      minmay_arrival_split_and_join, layout_basic
D:2:      layout_basic, nicolae_overflow_hidden_temple, grunt_ministairs_12,
          okawaru_ov_weapons_minmay, uniq_robin
D:3:      layout_loops_ring, lemuel_doored_altar
D:4:      layout_loops_ring, minmay_temple_entry_trees, nrook_uturn,
          corexii_leaking_fountain, minmay_shop_enchanted_jewellery
D:5:      layout_basic, serial_shops, nicolae_shop_statue_plus, uniq_pikel,
          uniq_sigmund
D:6:      layout_cave_pods, amcnicky_altar_gilded
D:7:      layout_cave_pods, nicolae_overflow_crystal_walls, kennysheep_mini_moat
Temple:   compressed_dpeg_circular_temple

Skill      XL: |  1  2  3  4  5  6  7  8 |
---------------+-------------------------+-----
Poison Magic   | 1 2 3 |  3.0
Unarmed Combat | 4 5 6 7 |  7.4
Spellcasting   | 3 4 |  4.5
Transmutations | 3 4 |  4.5
Dodging        | 3 |  3.9
Fighting       | 2 |  2.6
Hexes          | 1 2 |  2.7
Stealth        | 1 |  1.0
Evocations     | |  0.1

Action                   |  1- 3 |  4- 6 |  7- 9 || total
-------------------------+-------+-------+-------++-------
Melee: Unarmed           |   105 |   186 |   139 ||   430
       Constrict         |    25 |    30 |     7 ||    62
       Tentacles         |    11 |    20 |    14 ||    45
       Punch             |     3 |     2 |     1 ||     6
 Cast: Spider Form       |       |     9 |    12 ||    21
  Use: Scroll            |       |       |    10 ||    10
       Potion            |       |       |     3 ||     3
 Stab: Sleeping          |     2 |    12 |     9 ||    23
Armor: Skin              |    10 |     9 |     3 ||    22
Dodge: Dodged            |    70 |   111 |   109 ||   290
